 Dungeon Sprint DCSS version 0.27.1-2-g3b301248ec (webtiles) character file.

Game seed: 3204178378784010750

6000000 lawman0 the Plane Walker (level 27, -4/273 HPs)
             Began as a Ghoul Warper on Oct 4, 2021.
             Was the Champion of Makhleb.
             Slain by a destroyer (14 damage)
             ... in the Dungeon (Sprint VIII: "Arena of Blood").
             The game lasted 00:03:28 (60 turns).

lawman0 the Plane Walker (Ghoul Warper)               Turns: 60, Time: 00:03:29

Health: -4/273     AC:  6    Str: 19    XL:     27
Magic:  16/53      EV: 29    Int:  8    God:    Makhleb [******]
Gold:   0          SH:  0    Dex: 17    Spells: 80/80 levels left

rFire    . . .     SeeInvis .   i - +∞ Axe of Woe
rCold    + . .     Faith    .   (shield currently unavailable)
rNeg     + + +     Spirit   .   b - +0 leather armour
rPois    ∞         Reflect  .   (no helmet)
rElec    .         Harm     .   (no cloak)
rCorr    .         Rampage  .   (no gloves)
Will     ++...     NoTele   +   (no boots)
Stlth    +++++++++.             (no amulet)
HPRegen  0.00/turn              (no ring)
MPRegen  0.33/turn              (no ring)

@: inhibited regen, slowed, very slow
A: claws 1, cold resistance 1, negative energy resistance 3, inhibited
regeneration, torment resistance 2
a: Renounce Religion, Minor Destruction, Lesser Servant of Makhleb, Major
Destruction, Greater Servant of Makhleb


You were in the Dungeon.
You worshipped Makhleb.
Makhleb was exalted by your worship.
You visited 1 branch

Inventory:

Hand Weapons
 i - the +∞ Axe of Woe (weapon)
   (You found it in the Dungeon)
Missiles
 d - 5 boomerangs of dispersal (quivered)
Armour
 b - a +0 leather armour (worn)
Scrolls
 c - 2 scrolls of blinking
Potions
 e - a potion of curing
 f - a potion of heal wounds
 g - a potion of haste
 h - 2 potions of magic


   Skills:
 O Level 27 Fighting
 O Level 27 Short Blades
 O Level 27 Long Blades
 O Level 27 Axes
 O Level 27 Maces & Flails
 O Level 27 Polearms
 O Level 27 Staves
 O Level 27 Slings
 O Level 27 Bows
 O Level 27 Crossbows
 O Level 27 Throwing
 O Level 27 Armour
 O Level 27 Dodging
 O Level 27 Stealth
 O Level 27 Shields
 O Level 27 Unarmed Combat
 O Level 27 Spellcasting
 + Level 25.7 Conjurations
 O Level 27 Hexes
 O Level 27 Summonings
 O Level 27 Necromancy
 O Level 27 Translocations
 O Level 27 Transmutations
 O Level 27 Fire Magic
 O Level 27 Ice Magic
 O Level 27 Air Magic
 O Level 27 Earth Magic
 O Level 27 Poison Magic
 O Level 27 Invocations
 O Level 27 Evocations


You had 80 spell levels left.
You didn't know any spells.
Your spell library contained the following spells:

 Spells                   Type           Power      Damage    Failure   Level
 Blink                    Tloc           N/A        N/A       0%          2
 Gell's Gravitas          Tloc           26%        N/A       0%          3
 Lesser Beckoning         Tloc           26%        N/A       0%          3
 Teleport Other           Tloc           52%        N/A       0%          3
 Manifold Assault         Tloc           52%        N/A       0%          5


Dungeon Overview and Level Annotations

Branches:
Dungeon (1/1)

Altars:
Makhleb


Innate Abilities, Weirdness & Mutations

You thrive by killing the living.
You are immune to poison.
You have sharp fingernails.
Your flesh is cold resistant. (rC+)
You are immune to negative energy. (rN+++)
You do not regenerate when monsters are visible.
You are immune to unholy pain and torment.


Message History

You kill the bag of meat!
Makhleb accepts your kill.
You slice the bag of meat!!
You dissect the bag of meat like a pig carcass.
You kill the bag of meat!
Makhleb accepts your kill.
You slash the accursed! You chop the accursed into pieces.
You destroy the accursed!
Makhleb accepts your kill.
You feel extremely nervous for a moment...
You feel weird for a moment.
You hear a shout! x8
A meat berserker comes into view. It is wielding a +9 battleaxe.
You hear a shout!
The tyrant gestures wildly while chanting.
You hear a shout! x2
You have mastered Long Blades!
You have mastered Maces & Flails!
You have mastered Polearms!
You have mastered Staves!
You have mastered Slings!
You have mastered Bows!
You have mastered Crossbows!
You have mastered Shields!
Your Conjurations skill gained 2 levels and is now at level 25!
You have mastered Hexes!
You have mastered Fire Magic!
You have mastered Air Magic!
A meat berserker comes into view. It is wielding a +9 battleaxe.
Unknown command.
A bag of meat comes into view. It is wielding a +9 war axe.
The meat beast appears out of thin air!
A meat beast comes into view.
You hear a shout! x2
The meat berserker rages.
You hear a shout!
A bag of meat comes into view. It is wielding a +9 war axe.
The destroyer hits you with a +9 vorpal great sword!!!!!
Ouch! That really hurt!
The destroyer bites you but does no damage.
You hear a shout! x4
A bag of meat comes into view. It is wielding a +9 war axe. x2
You hear a shout!
The destroyer hits you with a +9 vorpal great sword!!!!
* * * LOW HITPOINT WARNING * * *
You die...

.# #####..... .. ..
..........
###.....##.##.........
.......................
#..........#.#.......
#..................####o
#.............).....o.o
..#......§.§§)).o...O.o.
.......))§.§))o)@V......
...o..)○).2))§)))o......
.....#)))))).#§........
... #)))†)..#.........
...###)))....###.......
........###............
#........_X............
......#.)L..#.......#.#
......#_.<._#.....


You could see a meat beast (wandering, fast), a destroyer, a meat berserker
(berserk) and 7 bags of meat.

Vanquished Creatures
  3 royal mummies (D)
  11 vampire knights (D)
  20 ogres (D)
  3 two-headed ogres (D)
  A lich (D)
  2 hydras (D)
  56 orcs (D)
  5 skeletal warriors (D)
101 creatures vanquished.

Notes
Turn   | Place    | Note
-------+----------+-------------------------------------------
     0 | D        | Found the +∞ Axe of Woe
     0 | D        | lawman0 the Ghoul Warper began the quest for the Orb.
     0 | D        | Reached XP level 1. HP: 17/17 MP: 2/2
     2 | D        | Noticed a meat berserker
     2 | D        | Noticed a bag of meat
     4 | D        | Became a worshipper of Makhleb the Destroyer
     6 | D        | Noticed a bag of meat
     6 | D        | Noticed a bag of meat
     7 | D        | Killed a meat berserker
     7 | D        | Noticed a bag of meat
     7 | D        | Noticed a meat berserker
     7 | D        | Noticed a bag of meat
     7 | D        | Noticed a bag of meat
     8 | D        | Reached XP level 2. HP: 42/42 MP: 2/14
     8 | D        | Reached XP level 3. HP: 49/49 MP: 2/15
     8 | D        | Reached XP level 4. HP: 57/57 MP: 2/17
     8 | D        | Reached XP level 5. HP: 63/63 MP: 2/18
     8 | D        | Reached XP level 6. HP: 71/71 MP: 2/20
     8 | D        | Reached XP level 7. HP: 78/78 MP: 2/21
     8 | D        | Reached XP level 8. HP: 85/85 MP: 2/23
     8 | D        | Reached XP level 9. HP: 92/92 MP: 2/24
     8 | D        | Reached XP level 10. HP: 100/100 MP: 2/25
     8 | D        | Reached XP level 11. HP: 106/106 MP: 2/26
     8 | D        | Reached XP level 12. HP: 113/113 MP: 2/27
     8 | D        | Reached XP level 13. HP: 119/119 MP: 2/28
     8 | D        | Noticed a bag of meat
     8 | D        | Noticed a meat berserker
     8 | D        | Noticed a meat berserker
     9 | D        | Noticed a bag of meat
     9 | D        | Noticed a bag of meat
     9 | D        | Noticed a bag of meat
    10 | D        | Noticed a bag of meat
    10 | D        | Noticed a bag of meat
    10 | D        | Noticed a bag of meat
    10 | D        | Noticed a bag of meat
    11 | D        | Killed a meat berserker
    11 | D        | Reached * piety under Makhleb
    11 | D        | Killed a meat berserker
    11 | D        | Killed a bag of meat
    11 | D        | Noticed a bag of meat
    12 | D        | Reached skill level 15 in Spellcasting
    12 | D        | Reached XP level 14. HP: 140/140 MP: 2/32
    12 | D        | Reached XP level 15. HP: 147/147 MP: 2/33
    12 | D        | Reached XP level 16. HP: 156/156 MP: 2/34
    12 | D        | Reached ** piety under Makhleb
    12 | D        | Noticed a meat berserker
    12 | D        | Noticed a meat berserker
    13 | D        | Reached skill level 5 in Throwing
    13 | D        | Reached skill level 5 in Armour
    13 | D        | Reached skill level 27 in Translocations
    13 | D        | Reached XP level 17. HP: 170/170 MP: 3/37
    13 | D        | Killed a meat berserker
    13 | D        | Reached *** piety under Makhleb
    14 | D        | Noticed a large bag of meat
    16 | D        | Reached **** piety under Makhleb
    16 | D        | Noticed a large bag of meat
    17 | D        | Reached skill level 27 in Fighting
    17 | D        | Reached skill level 27 in Axes
    17 | D        | Reached XP level 18. HP: 200/200 MP: 4/42
    17 | D        | Reached XP level 19. HP: 207/207 MP: 4/43
    17 | D        | Reached ***** piety under Makhleb
    18 | D        | Reached skill level 10 in Armour
    18 | D        | Killed a meat berserker
    18 | D        | Killed a meat berserker
    19 | D        | Reached skill level 27 in Dodging
    19 | D        | Reached skill level 27 in Spellcasting
    19 | D        | Reached XP level 20. HP: 216/216 MP: 4/50
    19 | D        | Reached XP level 21. HP: 224/224 MP: 4/51
    20 | D        | Reached ****** piety under Makhleb
    20 | D        | Noticed a meat berserker
    21 | D        | Killed a large bag of meat
    22 | D        | Reached XP level 22. HP: 196/233 MP: 5/52
    22 | D        | Noticed a destroyer
    24 | D        | Reached skill level 27 in Throwing
    24 | D        | Killed a destroyer
    25 | D        | Reached skill level 27 in Armour
    25 | D        | Reached skill level 27 in Stealth
    25 | D        | Reached XP level 23. HP: 240/240 MP: 6/53
    25 | D        | Noticed a large bag of meat
    27 | D        | Reached skill level 5 in Conjurations
    29 | D        | Reached XP level 24. HP: 249/249 MP: 7/53
    29 | D        | Killed a large bag of meat
    30 | D        | Reached skill level 10 in Short Blades
    30 | D        | Reached skill level 10 in Unarmed Combat
    30 | D        | Reached skill level 10 in Summonings
    30 | D        | Reached skill level 10 in Transmutations
    30 | D        | Reached skill level 10 in Evocations
    31 | D        | Killed a large bag of meat
    31 | D        | Noticed a destroyer
    32 | D        | Reached skill level 10 in Long Blades
    32 | D        | Reached skill level 10 in Maces & Flails
    32 | D        | Reached skill level 10 in Polearms
    32 | D        | Reached skill level 10 in Staves
    32 | D        | Reached skill level 10 in Slings
    32 | D        | Reached skill level 10 in Bows
    32 | D        | Reached skill level 10 in Crossbows
    32 | D        | Reached skill level 10 in Shields
    32 | D        | Reached skill level 10 in Hexes
    32 | D        | Reached skill level 10 in Fire Magic
    32 | D        | Reached skill level 10 in Air Magic
    32 | D        | Reached XP level 25. HP: 212/257 MP: 8/53
    32 | D        | Noticed a destroyer
    34 | D        | Reached skill level 15 in Ice Magic
    34 | D        | Reached skill level 15 in Earth Magic
    34 | D        | Reached skill level 15 in Invocations
    34 | D        | Noticed a destroyer
    34 | D        | Noticed a destroyer
    36 | D        | Noticed a destroyer
    36 | D        | Noticed a destroyer
    37 | D        | Killed a destroyer
    37 | D        | Killed a destroyer
    38 | D        | Reached skill level 15 in Short Blades
    38 | D        | Reached skill level 15 in Summonings
    38 | D        | Reached skill level 15 in Transmutations
    38 | D        | Reached skill level 15 in Evocations
    38 | D        | Reached XP level 26. HP: 266/266 MP: 9/53
    38 | D        | Reached XP level 27. HP: 273/273 MP: 9/53
    38 | D        | Noticed a destroyer
    38 | D        | Noticed a destroyer
    39 | D        | Killed a destroyer
    39 | D        | Noticed a destroyer
    40 | D        | Reached skill level 15 in Long Blades
    40 | D        | Reached skill level 15 in Maces & Flails
    40 | D        | Reached skill level 15 in Polearms
    40 | D        | Reached skill level 15 in Staves
    40 | D        | Reached skill level 15 in Slings
    40 | D        | Reached skill level 15 in Bows
    40 | D        | Reached skill level 15 in Crossbows
    40 | D        | Reached skill level 15 in Shields
    41 | D        | Reached skill level 15 in Conjurations
    41 | D        | Killed a destroyer
    43 | D        | Noticed an accursed
    43 | D        | Killed a destroyer
    44 | D        | Killed a destroyer
    45 | D        | Killed a destroyer
    45 | D        | Noticed a destroyer
    46 | D        | Noticed a tyrant
    46 | D        | Noticed a destroyer
    47 | D        | Killed a destroyer
    49 | D        | Reached skill level 27 in Ice Magic
    49 | D        | Reached skill level 27 in Earth Magic
    49 | D        | Reached skill level 27 in Invocations
    49 | D        | Noticed an accursed
    50 | D        | Noticed an accursed
    50 | D        | Killed a destroyer
    55 | D        | Killed an accursed
    56 | D        | Reached skill level 27 in Unarmed Combat
    56 | D        | Reached skill level 27 in Necromancy
    56 | D        | Reached skill level 27 in Poison Magic
    57 | D        | Killed a destroyer
    58 | D        | Killed an accursed
    58 | D        | Noticed a tyrant
    59 | D        | Reached skill level 27 in Short Blades
    59 | D        | Reached skill level 27 in Summonings
    59 | D        | Reached skill level 27 in Transmutations
    59 | D        | Reached skill level 27 in Evocations
    59 | D        | Killed a tyrant
    59 | D        | Killed an accursed
    60 | D        | Reached skill level 27 in Long Blades
    60 | D        | Reached skill level 27 in Maces & Flails
    60 | D        | Reached skill level 27 in Polearms
    60 | D        | Reached skill level 27 in Staves
    60 | D        | Reached skill level 27 in Slings
    60 | D        | Reached skill level 27 in Bows
    60 | D        | Reached skill level 27 in Crossbows
    60 | D        | Reached skill level 27 in Shields
    60 | D        | Reached skill level 27 in Hexes
    60 | D        | Reached skill level 27 in Fire Magic
    60 | D        | Reached skill level 27 in Air Magic
    60 | D        | HP: 10/273 [destroyer (105)]
    60 | D        | Slain by a destroyer

Illustrated notes

Levels and vault maps discovered:
D:        meatsprint

Skill      XL: |  1  2  3  4  5  6  7  8  9 10 11 12 13 14 15 16 17 18 19 20 21 22 23 24 25 26 27 |
---------------+----------------------------------------------------------------------------------+-----
Fighting       | 12 17 20 27 | 27.0
Axes           | 12 17 20 27 | 27.0
Throwing       | 3 4 5 8 16 24 27 | 27.0
Armour         | 3 4 5 7 16 24 27 | 27.0
Dodging        | 11 14 16 20 27 | 27.0
Spellcasting   | 12 15 17 21 27 | 27.0
Translocations | 20 25 27 | 27.0
Stealth        | 19 27 | 27.0
Short Blades   | 8 11 15 27 | 27.0
Long Blades    | 7 10 14 27 | 27.0
Maces & Flails | 7 10 14 27 | 27.0
Polearms       | 7 10 14 27 | 27.0
Staves         | 7 10 14 27 | 27.0
Slings         | 7 10 14 27 | 27.0
Bows           | 7 10 14 27 | 27.0
Crossbows      | 7 10 14 27 | 27.0
Shields        | 7 10 14 27 | 27.0
Unarmed Combat | 8 12 16 27 | 27.0
Conjurations   | 6 9 13 25 | 25.7
Hexes          | 7 10 14 27 | 27.0
Summonings     | 8 11 15 27 | 27.0
Necromancy     | 9 12 17 27 | 27.0
Transmutations | 8 11 15 27 | 27.0
Fire Magic     | 7 10 14 27 | 27.0
Ice Magic      | 9 13 18 27 | 27.0
Air Magic      | 7 10 14 27 | 27.0
Earth Magic    | 9 13 18 27 | 27.0
Poison Magic   | 9 12 17 27 | 27.0
Invocations    | 9 13 18 27 | 27.0
Evocations     | 8 11 15 27 | 27.0

Action                   |  1- 3 |  4- 6 |  7- 9 | 10-12 | 13-15 | 16-18 | 19-21 | 22-24 | 25-27 || total
-------------------------+-------+-------+-------+-------+-------+-------+-------+-------+-------++-------
Melee: Executioner's axe |     1 |       |       |       |     1 |     3 |     4 |     6 |    21 ||    36
Armor: Leather armour    |       |       |       |       |       |       |       |       |     3 ||     3
Dodge: Dodged            |       |       |       |       |     1 |     1 |     1 |       |     6 ||     9
